 Dungeon Crawl Stone Soup version 0.26-a0-752-gcff87cac9a (webtiles) character file.

Game seed: 1146354893601348675

1678 lunkers the Geomancer (level 9, -9/57 HPs)
             Began as a Formicid Earth Elementalist on Nov 6, 2020.
             Was a Follower of Vehumet.
             Killed by divine providence
             ... invoked by an orc priest
              (14 damage)
             ... on level 7 of the Dungeon on Nov 9, 2020.
             The game lasted 00:15:59 (6496 turns).

lunkers the Geomancer (Formicid Earth Elementalist) Turns: 6496, Time: 00:15:59

Health: -9/57      AC: 10    Str: 12    XL:     9   Next: 21%
Magic:  7/19       EV: 11    Int: 19    God:    Vehumet [*.....]
Gold:   298        SH:  0    Dex: 11    Spells: 10/21 levels left

rFire    . . .     SeeInvis +   B - +3 quarterstaff (chaos)
rCold    . . .     Faith    .   e - +0 buckler
rNeg     . . .     Spirit   .   x - +1 leather armour {rPois}
rPois    +         Reflect  .   (helmet unavailable)
rElec    .         Harm     .   C - +1 cloak
rCorr    .         Rampage  .   (no gloves)
MR       .....                  (no boots)
Stlth    +.........             (no amulet)
HPRegen  0.19/turn              f - +4 ring of protection
MPRegen  0.16/turn              (no ring)

@: confused
A: permanent stasis, dig shafts and tunnels, four strong arms, antennae 3
a: Dig, Shaft Self, Renounce Religion


You were on level 7 of the Dungeon.
You worshipped Vehumet.
Vehumet was aware of your devotion.
You visited 2 branches of the dungeon, and saw 8 of its levels.

You collected 298 gold pieces.

Inventory:

Hand Weapons
 a - a +1 dagger of speed
 v - a +2 flail of holy wrath
 w - a +3 war axe
 B - a +3 quarterstaff of chaos (weapon)
Missiles
 b - 63 stones (quivered)
 A - 2 datura-tipped darts {=f}
Armour
 c - a +0 robe
 e - a +0 buckler (worn)
 j - a +0 kite shield
 x - a +1 leather armour of poison resistance (worn)
 C - a +1 cloak (worn)
Jewellery
 f - a +4 ring of protection (left hand)
Wands
 q - a wand of random effects (27)
Scrolls
 g - 11 scrolls of identify {unknown}
 k - 4 scrolls of noise {unknown}
 n - 2 scrolls of teleportation {unknown}
 p - 2 scrolls of enchant weapon {unknown}
 r - 3 scrolls of magic mapping {unknown}
 t - 2 scrolls of remove curse
 u - 2 scrolls of fear {unknown}
 y - a scroll of blinking {unknown}
 z - a scroll of random uselessness {unknown}
 D - a scroll of immolation {unknown}
 E - 2 scrolls of amnesia {unknown}
 H - a scroll of summoning {unknown}
Potions
 d - a potion of mutation {unknown}
 h - a potion of heal wounds
 i - a potion of attraction {unknown}
 l - a potion of berserk rage {unknown}
 m - 2 potions of might
 o - 3 potions of brilliance
 s - a potion of curing {unknown}
 F - a potion of lignification {unknown}


   Skills:
 + Level 0.0 Fighting
 - Level 1.7 Dodging
 - Level 2.4 Stealth
 - Level 2.4 Shields
 + Level 6.7 Spellcasting
 - Level 1.1 Transmutations
 * Level 11.0 Earth Magic


You had 10 spell levels left.
You knew the following spells:

 Your Spells              Type           Power        Failure   Level
a - Stone Arrow           Conj/Erth      ####..       4%          3
b - Passwall              Tmut/Erth      ####....     1%          2
c - Sandblast             Erth           #####.       1%          1
d - Lee's Rapid Deconstr  Erth           #####.....   3%          5

Your spell library contained the following spells:

 Spells                   Type           Power        Failure   Level
 Foxfire                  Conj/Fire      #...         13%         1
 Petrify                  Tmut/Erth      ####....     11%         4


Dungeon Overview and Level Annotations

Branches:
Dungeon (7/15)             Temple (1/1) D:5

Altars:
Cheibriados
Dithmenos
Elyvilon
Fedhas
Gozag
Kikubaaqudgha
Makhleb
Okawaru
Qazlal
Ru
Sif Muna
Trog
Uskayaw
Vehumet
Wu Jian
Xom
Yredelemnul
Zin
The Shining One

Annotations:
D:6 1 runed translucent door, AmmoniaM's ghost, novice TrFi


Innate Abilities, Weirdness & Mutations

You cannot be hasted, slowed, berserked, paralysed or teleported.
You can dig through walls and to a lower floor.
Your four strong arms can wield two-handed weapons with a shield.
You have a pair of large antennae on your head. (SInv)


Message History

You bump into the rock wall.
The orc priest hits you with a +0 dagger.
* * * LOW HITPOINT WARNING * * *
The worker ant closely misses you. The orc wizard misses you.
The orc hits you but does no damage.
The orc wizard hits you with a +0 dagger.
* * * LOW HITPOINT WARNING * * *
You sock the orc priest! You freeze the orc priest.
The orc priest is heavily wounded.
The sentinel's mark upon you fades away.
The worker ant barely misses you.
The orc priest calls down the wrath of Beogh upon you.
Beogh smites you!
* * * LOW HITPOINT WARNING * * *
The orc wizard hits you but does no damage.
The orc hits you but does no damage. The orc wizard closely misses you.
The worker ant bites you but does no damage.
The orc priest invokes the aid of Beogh against you.
Beogh smites you!
You die...

#.#≈≈≈≈≈###
#.#≈≈≈≈≈##. ...
#.##≈≈≈≈##. ..
#≈≈≈≈≈#. ..
#≈≈≈≈≈#.#.
##≈≈≈≈#...
#≈≈≈≈#..#####
##≈≈≈≈#ooo...#
#≈≈≈≈≈##@###.#
#≈≈≈≈≈##Boo..#
##≈≈≈≈###B5#..#
#≈≈≈≈≈# #..##.##
#≈≈≈≈≈# #......#
####≈≈≈≈####...##.#
.88≈≈≈≈≈88.....#
.........B.....#
...[...).......#


You could see 2 worker ants, an orc priest, 2 orc wizards, 2 orcs and an
ufetubus.

Vanquished Creatures
  An ice beast (D:6)
  An orc warrior (D:5)
  3 ogres
  A centaur (D:5)
  2 bullfrogs (D:6)
  2 scorpions (D:5)
  5 killer bees (D:5)
  A bullfrog zombie (D:5)
  3 orc priests
  3 jellies
  2 orc wizards
  Crazy Yiuf (D:4)
  A bullfrog skeleton (D:5)
  Ijyb (D:4)
  An iguana (D:4)
  4 worker ants
  Robin (D:4)
  A gnoll (D:1)
  8 adders
  2 white imps (D:5)
  2 ufetubi
  2 oozes (D:2)
  3 worms
  A dart slug (D:1)
  4 leopard geckos
  17 orcs
  A ball python (D:3)
  4 giant cockroaches
  12 goblins
  11 hobgoblins
  2 jackals (D:3)
  11 kobolds
  4 quokkas
  8 bats
  8 frilled lizards
  13 rats
147 creatures vanquished.

Notes
Turn   | Place    | Note
-------+----------+-------------------------------------------
     0 | D:1      | lunkers the Formicid Earth Elementalist began the quest for
                  | the Orb.
     0 | D:1      | Reached XP level 1. HP: 13/13 MP: 3/3
   156 | D:1      | Reached skill level 4 in Earth Magic
   162 | D:1      | Reached XP level 2. HP: 19/19 MP: 0/5
   358 | D:1      | Reached XP level 3. HP: 24/24 MP: 4/6
  1156 | D:2      | Reached skill level 5 in Earth Magic
  1204 | D:2      | Reached XP level 4. HP: 30/30 MP: 5/8
  1277 | D:2      | Learned a level 2 spell: Passwall
  1281 | D:2      | Learned a level 3 spell: Stone Arrow
  1573 | D:2      | Reached skill level 1 in Shields
  1865 | D:2      | Reached XP level 5. HP: 35/35 MP: 3/9
  1981 | D:3      | Found an opulent altar of Gozag.
  2963 | D:4      | Reached skill level 6 in Earth Magic
  2992 | D:4      | Reached XP level 6. HP: 41/41 MP: 7/11
  3027 | D:4      | Noticed an ogre
  3034 | D:4      | Killed an ogre
  3221 | D:4      | Found a runed translucent door.
  3222 | D:4      | Noticed Crazy Yiuf
  3293 | D:4      | Noticed Robin
  3304 | D:4      | Killed Robin
  3441 | D:4      | Noticed Ijyb
  3451 | D:4      | Killed Ijyb
  3451 | D:4      | Reached skill level 7 in Earth Magic
  3451 | D:4      | Reached XP level 7. HP: 36/46 MP: 4/13
  3998 | D:4      | Killed Crazy Yiuf
  4065 | D:5      | Entered Level 5 of the Dungeon
  4258 | D:5      | Reached skill level 8 in Earth Magic
  4513 | D:5      | Found a staircase to the Ecumenical Temple.
  4534 | Temple   | Entered the Ecumenical Temple
  4540 | Temple   | Became a worshipper of Vehumet
  4743 | D:5      | Reached skill level 5 in Spellcasting
  4780 | D:5      | Reached XP level 8. HP: 52/52 MP: 15/15
  4801 | D:5      | Learned a level 5 spell: Lee's Rapid Deconstruction
  4897 | D:5      | Reached skill level 9 in Earth Magic
  5723 | D:5      | HP: 2/52 [killer bee (4)]
  5729 | D:5      | Reached skill level 10 in Earth Magic
  5986 | D:6      | Found a runed translucent door.
  5986 | D:6      | Found a shimmering altar of Xom.
  5986 | D:6      | Noticed AmmoniaM's ghost (novice TrFi)
  5986 | D:6      | Noticed a +0 hand axe of chaos
  6057 | D:6      | Reached XP level 9. HP: 57/57 MP: 8/18
  6156 | D:6      | You fall into a shaft and drop 1 floor!
  6189 | D:6      | Reached * piety under Vehumet
  6189 | D:6      | Offered knowledge of Foxfire by Vehumet.
  6478 | D:7      | Reached skill level 11 in Earth Magic
  6496 | D:7      | Killed from afar by an orc priest

Illustrated notes

Levels and vault maps discovered:
D:1:      onia_arrival_mini_maze_b, layout_basic, kennysheep_flooded_box
D:2:      layout_rooms
D:3:      layout_rooms, lemuel_crystal_altar, serial_rivers,
          chequers_serial_rivers_room_b, chequers_serial_rivers_small_b,
          chequers_serial_rivers_room_a, chequers_serial_rivers_large_b,
          chequers_serial_rivers_small_3
D:4:      layout_loops_ring, uniq_ijyb, uniq_robin, uniq_crazy_yiuf_cottage
D:5:      layout_basic, minmay_temple_entry_statues_pillars
D:6:      layout_gridville, ebering_ghost_xom, grunt_ministairs_14,
          serial_bayou_pond_d
D:7:      wander_river, layout_basic, grunt_qazlal_clouds
Temple:   eino_narrow_crystal_temple

Skill      XL: |  1  2  3  4  5  6  7  8  9 |
---------------+----------------------------+-----
Earth Magic    | 4 5 6 7 8 10 11 | 11.0
Spellcasting   | 3 4 5 6 |  6.7
Shields        | 1 2 |  2.4
Dodging        | |  1.7
Stealth        | |  2.4
Transmutations | |  1.1

Action                   |  1- 3 |  4- 6 |  7- 9 || total
-------------------------+-------+-------+-------++-------
Melee: Unarmed           |     4 |       |       ||     4
       Quarterstaff      |       |       |    40 ||    40
Throw: Stone             |     6 |       |       ||     6
 Cast: Sandblast         |    49 |   113 |    61 ||   223
       Stone Arrow       |       |       |    19 ||    19
  Use: Scroll            |     1 |       |     1 ||     2
       Potion            |       |       |     3 ||     3
Armor: Robe              |     7 |     2 |       ||     9
       Leather armour    |       |     2 |    50 ||    52
Dodge: Dodged            |    32 |    12 |    58 ||   102
Block: Buckler           |       |     4 |    18 ||    22

Table legend: (Time is in decaauts)
 A = Elapsed time spent in this place.
 B = Non-inter-level travel time spent in this place.
 C = Inter-level travel time spent in this place.
 D = Time resting spent in this place.
 E = Time spent auto-exploring this place.
 F = Levels seen in this place.
 G = Mean time per level.
                   A        B        C        D        E       F      G
               +--------+--------+--------+--------+--------+-----+--------+
         Total |   6552 |   6317 |    235 |    569 |   4649 |   8 |  819.0 |
       Dungeon |   6352 |   6135 |    217 |    569 |   4470 |   7 |  907.4 |
        Temple |    199 |    181 |     18 |      0 |    179 |   1 |  199.0 |
               +--------+--------+--------+--------+--------+-----+--------+

Top non-repeatable levels by time:
     D:5: 1526 daAuts
     D:4: 1266 daAuts
     D:1: 1101 daAuts
     D:2: 972 daAuts
     D:3: 904 daAuts
     D:6: 500 daAuts
  Temple: 199 daAuts
     D:7: 81 daAuts
